 Dungeon Crawl Stone Soup version 0.22-a0-406-g9ff8d77 (webtiles) character file.

36692 Borgoz the Basher (level 13, -3/83 HPs)
             Began as a Gargoyle Abyssal Knight on May 8, 2018.
             Was a High Priest of Lugonu.
             Slain by a harpy (19 damage)
             ... summoned by Kirke
             ... on level 4 of the Lair of Beasts.
             The game lasted 01:00:43 (29257 turns).

Borgoz the Basher (Gargoyle Abyssal Knight)        Turns: 29257, Time: 01:00:44

Health: -3/83      AC:  0    Str: 17    XL:     13   Next: 91%
Magic:  20/20      EV: 34    Int: 13    God:    Lugonu [*****.]
Gold:   953        SH:  0    Dex: 13    Spells: 12/12 levels left

rFire    . . .     SeeInvis .   (weapon currently unavailable)
rCold    . . .     Gourm    .   (shield currently unavailable)
rNeg     + . .     Faith    .   (armour currently unavailable)
rPois    ∞         Spirit   .   (helmet currently unavailable)
rElec    .         Reflect  .   (cloak currently unavailable)
rCorr    .         Harm     .   (gloves currently unavailable)
MR       .....                  (boots currently unavailable)
Stlth    +.........             u - amulet of the acrobat
HPRegen  0.23/turn              (ring currently unavailable)
MPRegen  0.17/turn              (ring currently unavailable)

@: pig-form, slowed
A: small, negative energy resistance 1, petrification resistance, rot immunity,
AC +9
a: Depart the Abyss, Bend Space, Banish, Corrupt, Enter the Abyss, Renounce
Religion


You were on level 4 of the Lair of Beasts.
You worshipped Lugonu.
Lugonu was extremely pleased with you.
You were not hungry.
You were a filthy swine.
You visited 4 branches of the dungeon, and saw 21 of its levels.
You visited the Abyss 2 times.
You also visited: Ossuary.

You collected 1895 gold pieces.
You spent 942 gold pieces at shops.

Inventory:

Hand Weapons
 d - a +1 flail of holy wrath (melded)
Missiles
 J - 4 throwing nets (quivered)
Armour
 b - the +0 ring mail "Teuff" {+Inv rElec rF- rN+}
   (You found it on level 2 of the Lair of Beasts)

   It makes you vulnerable to fire.
   It insulates you from electricity.
   It protects you from negative energy.
   It lets you turn invisible.
 i - a +1 plate armour of fire resistance (melded)
 j - a +2 pair of gloves of dexterity (melded)
 w - the +1 chain mail of Kikubaaqudgha's Envy {rC+ MR- Int+7}
   (You found it on level 5 of the Lair of Beasts)

   It affects your intelligence (+7).
   It protects you from cold.
   It affects your resistance to hostile enchantments.
 z - a +0 cloak (melded)
 P - the +0 large shield "Qiohownu" (melded) {rF+ MR+}
   (You bought it in a shop on level 10 of the Dungeon)

   It protects you from fire.
   It affects your resistance to hostile enchantments.
Jewellery
 f - an uncursed ring of protection from cold
 k - an uncursed ring of protection from magic
 o - a +6 ring of protection (melded)
 u - an amulet of the acrobat (around neck)
 x - the ring of Amorality (melded) {rElec rC+ MP+9 Str+2}
   (You found it on level 4 of the Lair of Beasts)

   [ring of magical power]

   It affects your strength (+2).
   It protects you from cold.
   It insulates you from electricity.
   It affects your magic capacity (+9).
Wands
 v - a wand of enslavement (10)
 B - a wand of random effects (65)
 H - a wand of acid (3)
 L - a wand of digging (15)
Scrolls
 e - 3 scrolls of identify
 g - 5 scrolls of remove curse
 h - 8 scrolls of teleportation
 l - 4 scrolls of magic mapping
 m - a scroll of fog
 n - a scroll of silence
 r - a scroll of amnesia
 s - 2 scrolls of enchant armour
 y - a scroll of blinking
 F - 2 scrolls of enchant weapon
Potions
 a - a potion of magic
 p - a potion of agility
 q - a potion of curing
 t - a potion of haste
 A - a potion of invisibility
 C - 3 potions of mutation
 N - 4 potions of lignification
Comestibles
 c - 27 rations


   Skills:
 + Level 10.6 Fighting
 * Level 13.0 Maces & Flails
 + Level 10.4 Armour
 + Level 7.8 Dodging
 + Level 7.5 Shields
 + Level 10.4 Invocations


You had 12 spell levels left.
You didn't know any spells.

Dungeon Overview and Level Annotations

Branches:
Dungeon (13/15)            Temple (1/1) D:6            Lair (5/6) D:10
  Swamp (0/4) Lair:2       Spider (0/4) Lair:3          Orc (2/2) D:11
    Elf (0/3) Orc:2
  Slime: Lair:5-6    Vaults: D:13-14

Altars:
Ashenzari
Cheibriados
Dithmenos
Elyvilon
Fedhas
Gozag
Hepliaklqana
Kikubaaqudgha
Makhleb
Nemelex Xobeh
Okawaru
Qazlal
Ru
Sif Muna
Trog
Uskayaw
Vehumet
Wu Jian
Xom
Yredelemnul
Zin
The Shining One
Beogh

Shops:
D:4 %   D:6 (   D:10 [?!![

Annotations:
Lair:4 Kirke
Abyss:1 Psyche


Innate Abilities, Weirdness & Mutations

You are resistant to torment.
((Your stone body is resilient. (AC +9)))
You are immune to poison.
You resist negative energy. (rN+)
((You are resistant to electric shocks. (rElec)))
((You can survive without breathing.))
You are immune to petrification.
You are immune to rotting.


Message History

You miss something.
The harpy closely misses you. x2; The harpy claws you!
The harpy closely misses you. Something hits you!
You hit something. The harpy misses you. The harpy claws you.
The harpy claws you! The harpy barely misses you. Something hits you!
You hear some strange, mumbled words.
Something summons a lindwurm!
Unknown command.
The harpy completely misses you. x4
The harpy screeches!
The harpy completely misses you. x2
You hear some strange, mumbled words.
You feel a momentary urge to oink. The harpy misses you.
The harpy closely misses you. The harpy completely misses you.
The harpy misses you.
The harpy screeches!
The harpy completely misses you. x2; The harpy misses you.
The harpy claws you!
* * * LOW HITPOINT WARNING * * *
You feel as though you will be slow longer.
The harpy claws you!!
You die...

##.....#....#†P## #
#PP.....#.......## ##
##.........#...#..# ##.
#......##...P.#.#.# #..
##....####........######..
##<.># #.................
###.###..............P#.
#..#................##
##...hH...##.P...P##.#
#.#.....H...#......##.
###...>.k.........#...
#...#....<.#.....#...
##......(...##@..#.#..
#P..........##........
##P...#....##P....#...
#....##...###....#.#.
##....###....###....##


You could see a lindwurm and 2 harpies.

Vanquished Creatures
  2 hydras (Lair:2)
  The ghost of KlownO the Cleaver, a novice DDFi of Makhleb (D:8)
  2 unseen horrors (D:11)
  An oklob plant (Lair:3)
  3 elephants (Lair:2)
  A cyclops (D:11)
  An ice statue (D:11)
  A black mamba (Lair:4)
  2 centaur zombies (D:12)
  10 spiny frogs
  A rime drake (Lair:1)
  5 komodo dragons
  A polar bear (Lair:5)
  2 trolls (Orc:1)
  7 slime creatures
  12 blink frogs
  6 hippogriffs
  A shadow (D:11)
  A wraith (D:11)
  2 wyverns
  A fire bat (Abyss:2)
  4 basilisks
  7 hogs
  A human (D:7)
  27 yaks
  2 hungry ghosts
  A warg (Orc:2)
  Menkaure (Ossuary)
  A floating eye (shapeshifter) (D:11)
  4 porcupines
  10 water moccasins
  2 ice beasts
  An eye of draining (D:10)
  19 orc warriors
  4 sky beasts
  6 black bears
  9 ogres
  5 phantoms
  12 wolves
  A centaur (D:11)
  8 crocodiles
  9 bullfrogs
  A gnoll sergeant (D:11)
  2 wyvern zombies
  3 scorpions
  11 killer bees
  2 howler monkeys (D:9)
  2 vampire bats (Lair:2)
  An electric eel (Lair:4)
  6 crimson imps
  3 bullfrog zombies
  2 hounds
  A jelly (D:9)
  2 quasits
  19 orc priests
  33 orc wizards
  Crazy Yiuf (D:6)
  2 bullfrog skeletons
  A gnoll shaman (D:4)
  A centaur skeleton (D:10)
  An iguana (D:5)
  8 worker ants
  A hound zombie (D:6)
  3 mummies (Ossuary)
  15 gnolls
  10 adders
  A howler monkey skeleton (D:4)
  2 shadow imps (D:11)
  3 oozes
  An adder zombie (D:7)
  4 worms
  3 dart slugs
  7 leopard geckos
  68 orcs
  2 ball pythons
  9 giant cockroaches
  7 goblins
  10 hobgoblins
  15 jackals
  8 quokkas
  16 bats
  5 frilled lizards
  7 gnoll skeletons (Ossuary)
  4 gnoll zombies (Ossuary)
  A goblin skeleton (Ossuary)
  3 hobgoblin skeletons (Ossuary)
  2 hobgoblin zombies (Ossuary)
  3 jackal skeletons
  11 kobolds
  A kobold skeleton (Ossuary)
  5 kobold zombies (Ossuary)
  A leopard gecko zombie (D:6)
  An orc skeleton (Ossuary)
  2 orc zombies (Ossuary)
  A quokka zombie (D:9)
  5 rats
  2 rat skeletons (Ossuary)
  A rat zombie (Ossuary)
  A fungus (D:6)
540 creatures vanquished.

Vanquished Creatures (others)
  A hydra (D:12)
  2 two-headed ogres
  A slime creature (D:12)
  2 orc knights (Orc:2)
  A komodo dragon (Lair:2)
  A blink frog (D:10)
  A yak (D:9)
  6 orc warriors
  2 ogres
  2 orc priests (Orc:2)
  2 gnoll skeletons (Ossuary)
  2 goblin skeletons (Ossuary)
  3 goblin zombies (Ossuary)
  3 hobgoblin zombies (Ossuary)
  3 kobold skeletons (Ossuary)
  A kobold zombie (Ossuary)
  2 orc skeletons (Ossuary)
  An orc zombie (Ossuary)
  A rat skeleton (Ossuary)
  3 rat zombies (Ossuary)
  A fungus (Lair:4)
  8 plants (Lair:4)
49 creatures vanquished.

Grand Total: 589 creatures vanquished

Notes
Turn   | Place    | Note
-------+----------+-------------------------------------------
     0 | Abyss:1  | Borgoz the Gargoyle Abyssal Knight began the quest for the Orb.
     0 | Abyss:1  | Reached XP level 1. HP: 14/14 MP: 2/2
    62 | Abyss:2  | Noticed a fire bat
    67 | Abyss:2  | Noticed a large abomination
    69 | Abyss:2  | Killed a fire bat
    69 | Abyss:2  | Reached skill level 3 in Maces & Flails
    69 | Abyss:2  | Reached skill level 1 in Dodging
    69 | Abyss:2  | Reached XP level 2. HP: 8/20 MP: 4/4
    69 | Abyss:2  | Reached XP level 3. HP: 9/24 MP: 5/5
    69 | Abyss:2  | Reached XP level 4. HP: 11/29 MP: 6/6
    69 | Abyss:2  | Reached XP level 5. HP: 13/33 MP: 7/7
    70 | D:1      | Escaped the Abyss
   102 | D:1      | Reached * piety under Lugonu
  2230 | D:2      | Reached XP level 6. HP: 37/38 MP: 8/8
  2391 | D:2      | Reached ** piety under Lugonu
  2778 | D:4      | Reached skill level 4 in Maces & Flails
  3563 | D:2      | Reached XP level 7. HP: 26/44 MP: 9/9
  3862 | D:4      | Reached *** piety under Lugonu
  3994 | D:4      | Found a white marble altar of Elyvilon.
  4004 | D:4      | Found a deep blue altar of Sif Muna.
  4004 | D:4      | Found a basalt altar of Yredelemnul.
  4010 | D:4      | Found an opulent altar of Gozag.
  4292 | D:4      | Reached skill level 5 in Maces & Flails
  4976 | D:4      | Found Naxt's Food Shoppe.
  5066 | D:4      | Reached skill level 5 in Fighting
  5066 | D:4      | Reached XP level 8. HP: 49/49 MP: 11/11
  5086 | D:4      | Found a hide-covered altar of Uskayaw.
  5086 | D:4      | Found a blossoming altar of Fedhas.
  5275 | D:5      | Entered Level 5 of the Dungeon
  5316 | D:4      | Reached **** piety under Lugonu
  5565 | D:5      | Found a shattered altar of Ashenzari.
  5988 | D:5      | Reached skill level 6 in Maces & Flails
  6423 | D:6      | Found a sand-covered staircase.
  6428 | Ossuary  | Entered an ossuary
  6667 | Ossuary  | Noticed Menkaure
  6673 | Ossuary  | Killed Menkaure
  6804 | D:6      | Found a staircase to the Ecumenical Temple.
  6816 | D:6      | Reached skill level 5 in Armour
  6823 | Temple   | Entered the Ecumenical Temple
  6899 | D:6      | Found Tase's Antique Weapon Emporium.
  7123 | D:5      | Reached skill level 5 in Invocations
  7304 | D:6      | Reached XP level 9. HP: 50/55 MP: 12/12
  7774 | D:6      | Found a runed door.
  7779 | D:6      | Noticed Crazy Yiuf
  7786 | D:6      | Killed Crazy Yiuf
  7840 | D:6      | Reached skill level 7 in Maces & Flails
  8356 | D:7      | Reached ***** piety under Lugonu
  8914 | D:7      | Reached skill level 8 in Maces & Flails
  8940 | D:6      | HP: 2/56 [hog (9)]
  9305 | D:8      | Reached XP level 10. HP: 56/61 MP: 14/14
  9713 | D:8      | Noticed KlownO's ghost (novice DDFi)
  9731 | D:8      | Killed KlownO's ghost
  9756 | D:8      | Reached skill level 9 in Maces & Flails
 10015 | D:8      | Noticed Psyche
 10027 | D:8      | Cast into level 1 of the Abyss (Psyche)
 10045 | Abyss:1  | Got a translucent buckler
 10127 | D:8      | Escaped the Abyss
 10164 | D:7      | Identified the cursed +0 buckler of the Guilds {rPois} (You found it on level 1 of the Abyss)
 10640 | D:9      | Noticed a two-headed ogre
 10644 | D:9      | Banished a two-headed ogre
 10644 | D:9      | Reached skill level 5 in Dodging
 10664 | D:9      | Reached skill level 1 in Shields
 11517 | D:8      | Banished Psyche
 12050 | D:9      | Found a blossoming altar of Fedhas.
 12266 | D:10     | Entered Level 10 of the Dungeon
 12266 | D:10     | Found Oteafipn's Antique Armour Emporium.
 12651 | D:9      | Reached XP level 11. HP: 64/68 MP: 16/16
 13084 | D:10     | Found Huowioff's Distillery.
 13102 | D:10     | Bought a potion of heal wounds for 65 gold pieces
 13102 | D:10     | Bought a potion of lignification for 39 gold pieces
 13102 | D:10     | Bought 2 potions of agility for 104 gold pieces
 13102 | D:10     | Bought a potion of ambrosia for 104 gold pieces
 13115 | D:10     | Bought a scorched large shield for 180 gold pieces
 13125 | D:10     | Identified the cursed +0 large shield "Qiohownu" {rF+ MR+} (You bought it in a shop on level 10 of the Dungeon)
 13230 | D:10     | Found Nyolef's Distillery.
 13334 | D:10     | Reached skill level 10 in Maces & Flails
 13486 | D:10     | Found Toenar's Armour Shoppe.
 13512 | D:10     | Found Zipnuad's Magic Scroll Shoppe.
 14016 | D:10     | Found a staircase to the Lair.
 14207 | D:11     | Noticed a two-headed ogre
 14210 | D:11     | Banished a two-headed ogre
 14383 | D:11     | Noticed a cyclops
 14759 | D:13     | Noticed a green ugly thing
 15143 | D:12     | Noticed a six-headed hydra
 15148 | D:12     | Banished a six-headed hydra
 15983 | D:11     | Killed an unseen horror
 16348 | D:11     | Reached XP level 12. HP: 66/75 MP: 18/18
 16381 | D:11     | Reached skill level 11 in Maces & Flails
 16547 | D:11     | Found a staircase to the Orcish Mines.
 16579 | D:11     | Found a roughly hewn altar of Beogh.
 16756 | D:11     | Reached skill level 5 in Shields
 17719 | Lair:1   | Entered Level 1 of the Lair of Beasts
 18787 | Orc:1    | Entered Level 1 of the Orcish Mines
 19469 | Orc:2    | Entered Level 2 of the Orcish Mines
 19566 | Orc:2    | Found a roughly hewn altar of Beogh.
 20885 | Orc:2    | Found a staircase to the Elven Halls.
 21743 | Orc:1    | Found a roughly hewn altar of Beogh.
 23316 | D:10     | Bought a +2 pair of gloves of dexterity for 279 gold pieces
 23406 | D:10     | Bought a warped ring mail for 171 gold pieces
 23416 | D:10     | Identified the +5 ring mail "Ruiteral" {+Fly} (You bought it in a shop on level 10 of the Dungeon)
 23476 | Lair:1   | Reached skill level 12 in Maces & Flails
 23863 | Lair:1   | Reached XP level 13. HP: 65/82 MP: 20/20
 24615 | Lair:1   | Reached skill level 10 in Fighting
 24665 | Lair:2   | Got a transparent ring mail
 24676 | Lair:2   | Identified the cursed +0 ring mail "Teuff" {+Inv rElec rF- rN+} (You found it on level 2 of the Lair of Beasts)
 25391 | Lair:2   | Found a staircase to the Swamp.
 26434 | Lair:3   | Reached skill level 10 in Armour
 26572 | Lair:2   | Reached skill level 10 in Invocations
 27504 | Lair:3   | Found a hole to the Spider Nest.
 28139 | Lair:5   | Got a smoking chain mail
 28165 | Lair:5   | Identified the +1 chain mail of Kikubaaqudgha's Envy {rC+ MR- Int+7} (You found it on level 5 of the Lair of Beasts)
 28170 | Lair:5   | Noticed Kirke
 28521 | Lair:4   | Reached skill level 13 in Maces & Flails
 28608 | Lair:4   | Got a transparent amber ring
 28610 | Lair:4   | Identified the ring of Amorality {rElec rC+ MP+9 Str+2} (You found it on level 4 of the Lair of Beasts)
 29257 | Lair:4   | Slain by a harpy

Vault maps used:
D:1:      minmay_arrival_radiant_lines
D:3:      minmay_misc_feat_square, wad_floor_pattern_untrapped
D:4:      grunt_temple_overflow_open, gammafunk_temple_overflow_elements,
          first_ration, serial_shops, shop_fountains, grunt_ministairs_8,
          minmay_hedge_maze
D:5:      nicolae_ashenzari_panopticon
D:6:      minmay_temple_entry_statues_pillars,
          nicolae_ossuary_entry_false_entrances, serial_shops,
          nicolae_shop_overgrown_old_shop, uniq_crazy_yiuf_cottage
D:7:      grunt_livestock, minmay_misc_feat_room
D:8:      uniq_psyche
D:9:      hangedman_cross_stitches, fedhas_altar_fruit_tree
D:10:     grunt_lair_entry_orc_guard_hut, serial_shops, shop, shop_statue, shop,
          kennysheep_mini, shop_statue
D:11:     minmay_tile_spiral, minmay_orc_entry_temple_small, minivault_15,
          patterned_corridor
D:13:     david_vaults_2, special_room
Temple:   nicolae_temple_x_marks_the_god
Lair:1:   grunt_megastairs_1
Lair:2:   swamp_mist_pool, roderic_batcave
Lair:3:   dummy_spider_entry
Lair:4:   beast_lair_carwin_5, infiniplex_staircase_pool, lemuel_fruit_fields,
          serial_bayou_shore_a
Lair:5:   basic_altar, uniq_kirke
Orc:1:    minmay_goldmine, basic_altar
Orc:2:    grunt_orc_cross, david_defended_altar_orc
Abyss:1:  gammafunk_abyss_exit_x_factor
Ossuary:  ossuary_due_pyramid

Skill      XL: |  1  2  3  4  5  6  7  8  9 10 11 12 13 |
---------------+----------------------------------------+-----
Maces & Flails | 3 4 5 6 8 9 10 12 13 | 13.0
Armour         | 3 4 5 6 7 8 9 10 | 10.4
Dodging        | 1 2 3 4 5 6 7 |  7.8
Fighting       | 4 5 6 7 8 9 10 | 10.6
Invocations    | 3 4 5 6 7 8 9 10 | 10.4
Shields        | 2 4 6 7 |  7.5

Action                   |  1- 3 |  4- 6 |  7- 9 | 10-12 | 13-15 || total
-------------------------+-------+-------+-------+-------+-------++-------
Melee: Mace              |     5 |   176 |       |       |       ||   181
       Flail             |       |   149 |   616 |  1727 |   874 ||  3366
       Unarmed           |       |       |       |       |     3 ||     3
Throw: Throwing net      |       |       |       |     2 |       ||     2
Invok: Depart the Abyss  |       |     1 |       |     1 |       ||     2
       Banish            |       |       |     2 |    22 |     1 ||    25
       Bend Space        |       |       |       |     3 |       ||     3
Evoke: Wand              |       |       |       |     9 |     1 ||    10
  Use: Scroll            |       |     7 |     6 |    18 |     3 ||    34
       Potion            |       |       |     7 |    21 |       ||    28
 Stab: Sleeping          |       |       |     1 |       |       ||     1
       Invisible         |       |       |       |     6 |       ||     6
  Eat: Chunk             |       |     8 |    18 |    42 |    14 ||    82
       Ration            |       |       |     2 |     5 |     2 ||     9
Armor: Leather armour    |     1 |   168 |   291 |   458 |       ||   918
       Skin              |       |       |       |    13 |     2 ||    15
       Plate armour      |       |       |       |   287 |   492 ||   779
Dodge: Dodged            |     4 |   249 |   417 |   636 |   195 ||  1501
Block: Buckler           |       |       |       |    49 |       ||    49
       Large shield      |       |       |       |   888 |   723 ||  1611

Table legend:
 A = Spawn XP
 B = Non-spawn XP
 C = Spawn XP percentage of total XP
 D = Spawn monster count
 E = Non-spawn monster count
 F = Spawn count percentage of total count
 G = Total turns spent on level
                    A         B        C        D         E        F      G
               +---------+---------+-------+---------+---------+-------+---------
         Total |       0 |   52418 |   0.0 |       0 |     556 |   0.0 | 29257
               +---------+---------+-------+---------+---------+-------+---------
           D:1 |       0 |      61 |   0.0 |       0 |      26 |   0.0 |  1313
           D:2 |       0 |     189 |   0.0 |       0 |      32 |   0.0 |  1445
           D:3 |       0 |     140 |   0.0 |       0 |      32 |   0.0 |   839
           D:4 |       0 |     731 |   0.0 |       0 |      42 |   0.0 |  1821
           D:5 |       0 |     537 |   0.0 |       0 |      25 |   0.0 |  1110
           D:6 |       0 |     892 |   0.0 |       0 |      20 |   0.0 |  1135
           D:7 |       0 |    1717 |   0.0 |       0 |      20 |   0.0 |  1412
           D:8 |       0 |    2198 |   0.0 |       0 |      22 |   0.0 |  1510
           D:9 |       0 |    2927 |   0.0 |       0 |      37 |   0.0 |  1899
          D:10 |       0 |    2717 |   0.0 |       0 |      19 |   0.0 |  1663
          D:11 |       0 |    6692 |   0.0 |       0 |      52 |   0.0 |  2291
          D:12 |       0 |    4693 |   0.0 |       0 |      20 |   0.0 |  1778
        Lair:1 |       0 |    4711 |   0.0 |       0 |      19 |   0.0 |  1774
        Lair:2 |       0 |    7437 |   0.0 |       0 |      34 |   0.0 |  2159
        Lair:3 |       0 |    5615 |   0.0 |       0 |      25 |   0.0 |  1312
        Lair:4 |       0 |    4877 |   0.0 |       0 |      22 |   0.0 |  1054
        Lair:5 |       0 |     812 |   0.0 |       0 |       3 |   0.0 |   270
         Orc:1 |       0 |    1901 |   0.0 |       0 |      28 |   0.0 |  1735
         Orc:2 |       0 |    3264 |   0.0 |       0 |      47 |   0.0 |  2221
       Abyss:2 |       0 |     199 |   0.0 |       0 |       1 |   0.0 |    47
       Ossuary |       0 |     108 |   0.0 |       0 |      30 |   0.0 |   285
               +---------+---------+-------+---------+---------+-------+---------
